 Dungeon Crawl Stone Soup version 0.26-a0-663-g36e8fdb655 (webtiles) character file.

Game seed: 7276887456206634359

25 DogServant the Shooter (level 2, -2/25 HPs)
             Began as a Minotaur Hunter on Oct 12, 2020.
             Slain by a gnoll
             ... wielding a +0 club
              (5 damage)
             ... on level 1 of the Dungeon.
             The game lasted 00:01:21 (922 turns).

DogServant the Shooter (Minotaur Hunter)             Turns: 922, Time: 00:01:22

Health: -2/25      AC:  3    Str: 16    XL:     2   Next: 82%
Magic:  1/1        EV: 12    Int:  8    God:
Gold:   52         SH:  0    Dex: 10    Spells: 1/1 levels left

rFire    . . .     SeeInvis .   b - +0 short sword
rCold    . . .     Faith    .   (no shield)
rNeg     . . .     Spirit   .   c - +0 leather armour
rPois    .         Reflect  .   (helmet restricted)
rElec    .         Harm     .   (no cloak)
rCorr    .         Rampage  .   (no gloves)
MR       .....                  (no boots)
Stlth    +.........             (no amulet)
HPRegen  0.08/turn              (no ring)
MPRegen  0.07/turn              (no ring)

@: no status effects
A: retaliatory headbutt, horns 2
a: no special abilities


You were on level 1 of the Dungeon.
You visited 1 branch of the dungeon, and saw 1 of its levels.

You collected 52 gold pieces.

Inventory:

Hand Weapons
 a - a +1 shortbow
 b - a +0 short sword (weapon)
Missiles
 d - 20 arrows
 e - 37 bolts
Armour
 c - a +0 leather armour (worn)
Jewellery
 f - an uncursed ring of protection from cold {unknown}
Potions
 g - a potion of haste {unknown}


   Skills:
 - Level 2.6 Fighting
 + Level 5.0 Bows
 + Level 2.7 Dodging
 - Level 0.7 Stealth


You had one spell level left.
You didn't know any spells.
Your spell library was empty.

Dungeon Overview and Level Annotations

Branches:
Dungeon (1/15)

Altars:


Innate Abilities, Weirdness & Mutations

You reflexively headbutt those who attack you in melee.
You have a pair of horns on your head.


Message History

You closely miss the gnoll.
The gnoll is lightly wounded.
The gnoll hits you with a +0 club.
You closely miss the gnoll.
The gnoll is lightly wounded.
The gnoll hits you with a +0 club.
You hit the gnoll. You headbutt the gnoll.
The gnoll is severely wounded.
The gnoll hits you with a +0 club.
You closely miss the gnoll.
The gnoll is severely wounded.
The gnoll hits you with a +0 club.
You closely miss the gnoll. Your headbutt misses the gnoll.
The gnoll is severely wounded.
The gnoll hits you with a +0 club!
* * * LOW HITPOINT WARNING * * *
You closely miss the gnoll. Your headbutt misses the gnoll.
The gnoll is severely wounded.
The gnoll hits you with a +0 club.
You die...

#.# ... #.# ... #####.#
... #...#.############ ...
#...#.≈≈≈≈≈≈≈≈≈≈≈≈
...###+##...#.≈..8........
#..........#.≈.##########
#........g.#.≈8#.....<...
#.......@# #.≈.######''##
#........# #.≈.#.........
$#........# #.≈.#≈≈≈§≈..≈≈
..........# #.≈.#≈≈≈≈≈..§≈
$.....##†## #.≈(#.........
...... #..# #.≈.######''##
..... ##.# #.≈.#≈≈≈≈≈..≈≈
..## #.# #.≈.#≈........ .
#.# #.≈.#≈.#######


You could see a gnoll.

Vanquished Creatures
  An ooze (D:1)
  2 dart slugs (D:1)
  A leopard gecko (D:1)
  2 giant cockroaches (D:1)
  A hobgoblin (D:1)
  4 kobolds (D:1)
  A ball python (D:1)
  3 bats (D:1)
  A goblin (D:1)
16 creatures vanquished.

Notes
Turn   | Place    | Note
-------+----------+-------------------------------------------
     0 | D:1      | DogServant the Minotaur Hunter began the quest for the Orb.
     0 | D:1      | Reached XP level 1. HP: 18/18 MP: 0/0
   285 | D:1      | Reached XP level 2. HP: 22/25 MP: 1/1
   841 | D:1      | Reached skill level 5 in Bows
   922 | D:1      | Slain by a gnoll

Illustrated notes

Levels and vault maps discovered:
D:1:      lightli_arrival_isolated_outpost, layout_basic

Skill      XL: |  1  2 |
---------------+-------+-----
Bows           | 5 |  5.0
Fighting       | |  2.6
Dodging        | |  2.7
Stealth        | |  0.7

Action                   || total
-------------------------++-------
Melee: Short sword       ||    51
       Headbutt          ||    14
 Fire: Shortbow          ||     2
Armor: Leather armour    ||    15
Dodge: Dodged            ||    32

Table legend: (Time is in decaauts)
 A = Elapsed time spent in this place.
 B = Non-inter-level travel time spent in this place.
 C = Inter-level travel time spent in this place.
 D = Time resting spent in this place.
 E = Time spent auto-exploring this place.
 F = Levels seen in this place.
 G = Mean time per level.
                   A        B        C        D        E       F      G
               +--------+--------+--------+--------+--------+-----+--------+
         Total |    930 |    930 |      0 |      0 |    810 |   1 |  930.0 |
       Dungeon |    930 |    930 |      0 |      0 |    810 |   1 |  930.0 |
               +--------+--------+--------+--------+--------+-----+--------+

Top non-repeatable levels by time:
     D:1: 930 daAuts
